AoeStats
← MongoJuice

MegaRandom

504253962Analyzed
2v2 RM · 29d ago on Sep 4, 2026· 44m 2s· 4 players
Game mode
Random Map
Map size
Medium (4 player)
Population
200
Speed
Normal
Resources
Standard
Victory
Conquest
Starting age
Dark Age
Ending age
Imperial Age
RankedLock teamsTeams togetherTeam positionsShared explorationLock speedFull tech treeHidden civsTurbo modeCheats
Victory
Defeat
🇵🇱 Mongols · Poland
1193
+17
🇷🇺 Cumans · Russia
1124
+19
🇨🇳 Mongols · China
1256
-20
🇨🇳 Poles · China
1165
-16
Why
7:45 Loom
7:52 Loom
10:40 Feudal Age
12:20 Double-Bit Axe
14:37 Castle Age
12:29 Horse Collar
16:59 Heavy Plow
20:20 Wheelbarrow
23:06 Bow Saw
23:26 Town Watch
23:54 Light Cavalry
25:22 Hand Cart
25:07 Gold Mining
25:51 Bloodlines
26:11 Husbandry
26:17 Scale Barding Armor
30:42 Imperial Age
29:09 Chain Barding Armor
29:00 Forging
29:38 Coinage
31:23 Fervor
31:29 Caravan
31:59 Banking
30:58 Winged Hussar
32:14 Iron Casting
32:07 Lechitic Legacy
32:07 Stone Mining
35:06 Blast Furnace
35:12 Fletching
35:48 Ballistics
38:22 Crop Rotation
41:40 Masonry
42:14 Sanctity
41:55 Devotion
42:13 Block Printing
42:37 Theocracy
42:07 Cavalier
43:10 Conscription
MongoJuice
7:21 Loom
9:34 Feudal Age
10:36 Double-Bit Axe
12:51 Horse Collar
21:45 Castle Age
21:17 Stone Mining
21:19 Gold Mining
21:44 Bloodlines
21:28 Fletching
23:13 Bow Saw
23:06 Heavy Plow
23:22 Bodkin Arrow
25:34 Ballistics
26:36 Padded Archer Armor
28:45 Husbandry
29:04 Leather Archer Armor
31:54 Town Watch
39:50 Imperial Age
37:55 Wheelbarrow
38:05 Scale Barding Armor
38:10 Forging
37:22 Light Cavalry
39:16 Gold Shaft Mining
38:51 Thumb Ring
39:28 Hand Cart
39:59 Chain Barding Armor
41:20 Conscription
40:30 Elite Mangudai
40:33 Hussar
41:20 Bracer
41:55 Iron Casting
42:24 Chemistry
41:29 Siege Engineers
42:50 Parthian Tactics
45:16 Blast Furnace
Bartek2451979
9:13 Loom
11:52 Feudal Age
13:06 Double-Bit Axe
18:23 Castle Age
19:40 Fletching
20:01 Forging
20:16 Bodkin Arrow
22:33 Padded Archer Armor
23:03 Forging
22:54 Town Watch
23:06 Horse Collar
27:10 Forging
29:39 Ballistics
31:03 Leather Archer Armor
31:06 Masonry
30:52 Murder Holes
31:20 Heavy Plow
33:04 Forging
33:47 Husbandry
33:58 Bloodlines
35:04 Herbal Medicine
35:46 Scale Mail Armor
35:56 Forging
37:21 Chain Mail Armor
40:21 Imperial Age
37:34 Pikeman
39:19 Wheelbarrow
38:47 Town Patrol
41:38 Plate Mail Armor
42:28 Chemistry
Nikon_85
3:16 Loom
11:56 Feudal Age
23:10 Castle Age
21:01 Double-Bit Axe
21:01 Horse Collar
23:04 Wheelbarrow
23:13 Stone Mining
25:37 Heavy Plow
26:47 Elite Skirmisher
28:18 Bow Saw
28:41 Scale Mail Armor
29:32 Pikeman
30:12 Squires
30:45 Gold Mining
31:22 Hand Cart
33:14 Fletching
34:17 Padded Archer Armor
34:52 Masonry
38:00 Ballistics
41:12 Imperial Age
40:06 Bloodlines
40:28 Bodkin Arrow
43:33 Conscription
44:03 Scale Barding Armor
Connection lost

Rejoining the realm…

Still unreachable

The connection could not be restored.

Session expired

The server has moved on; the page needs a fresh start.